 Dungeon Crawl Stone Soup version bcrawl-1.27.5 (webtiles) character file.

Game seed: 9597797735505122411

154585 Faustar the Sneak (level 4, -6/28 HPs)
             Began as a Vine Stalker Archaeologist on Sept 4, 2020.
             Mangled by a worm (8 damage)
             ... on level 3 of the Dungeon.
             The game lasted 00:06:33 (1737 turns).

Faustar the Sneak (Vine Stalker Archaeologist)      Turns: 1737, Time: 00:06:33

Health: -6/28      AC:  9    Str: 14    XL:     4   Next: 92%
Magic:  5/5        EV: 14    Int: 12    God:
Gold:   95         SH:  0    Dex: 13    Spells: 3/3 levels left

rFire    . . .     SeeInvis .   l - +0 mace
rCold    . . .     Gourm    .   (no shield)
rNeg     . . .     Faith    .   b - +1 robe
rPois    .         Spirit   .   c - +1 hat
rElec    .         Reflect  .   v - +1 cloak
rCorr    .         Harm     .   (no gloves)
MR       .....                  d - +2 pair of boots
Stlth    +++.......             (no amulet)
HPRegen  0.49/turn              j - -2 ring of intelligence (curse)
MPRegen  0.09/turn              (no ring)

@: no status effects
A: fangs 2, regeneration 1, no potion heal 3, rot immunity, strong jaws
a: no special abilities


You were on level 3 of the Dungeon.
You were very hungry.

You visited 1 branch of the dungeon, and saw 3 of its levels.

You collected 95 gold pieces.

Inventory:

Hand Weapons
 a - a +0 whip
 l - a +0 mace (weapon)
 q - a -3 whip
Armour
 b - a +1 robe (worn)
 c - a +1 hat (worn)
 d - a +2 pair of boots (worn)
 v - a +1 cloak (worn)
Jewellery
 j - a cursed -2 ring of intelligence (left hand)
Scrolls
 h - 3 scrolls of remove curse
 k - 2 scrolls of amnesia
 m - a scroll of teleportation
 o - 4 scrolls of identify
 r - a scroll of fear {unknown}
 u - a scroll of immolation {unknown}
Potions
 g - a potion of berserk rage {unknown}
 i - a potion of flight {unknown}
 n - a potion of might {unknown}
 p - a potion of haste
 s - a potion of heal wounds {unknown}
 t - a potion of curing {unknown}
Miscellaneous
 f - a dusty tome
Comestibles
 e - 4 rations {!d}
 w - 8 chunks of flesh


   Skills:
 * Level 3.4 Fighting
 - Level 0.8 Maces & Flails
 + Level 3.9 Dodging
 - Level 4.4 Stealth


You had 3 spell levels left.
You didn't know any spells.
Your spell library was empty.

Dungeon Overview and Level Annotations

Branches:
Dungeon (3/12)

Altars:


Innate Abilities, Weirdness & Mutations

You have extremely sharp teeth.
Your natural rate of healing is unusually fast.
Potions cannot restore your health.
You are immune to rotting.
Your bites deal extra damage.


Message History

You barely miss the quokka.
The quokka is almost dead.
The quokka bites you. The quokka closely misses you.
You sock the quokka!
You kill the quokka!
You hit the worm.
The worm is lightly wounded.
The worm bites you.
You barely miss the worm. The worm bites you!
* * * LOW HITPOINT WARNING * * *
You thump the worm! You bite the worm.
The worm is severely wounded.
You hit the worm but do no damage.
The worm is severely wounded.
The worm bites you!
* * * LOW HITPOINT WARNING * * *
You barely miss the worm.
The worm is heavily wounded.
The worm bites you!
You die...

*,**,* ##.##.##....,* *,**,*
#.........#.,** *,**,*
#..##.###.#..,* *,**,*
#..##.##*,*,*,*** *,**,*
###..#...#*,,,*,,,** *,**,*
#..........,*****,,, *,**,*
#.#..#...##,,,*,,,** *,**,*
#w#..##.##*,*,*,*** *****,**,*
#.#@.##.##*,*,,,*
,,,,,,**,****#.w........,*,,**
*****,*#......>.........,,,,*
,,,,,,,..#...#.......###*****
*****,***#≈≈≈###.###.# *****,*
#≈l≈* #.# *.# ,,,,,,* #s≈≈*
#.# *,# ,,,,,,* #≈≈≈**#.#**,*
,,,,,,* #≈∩≈*,,..,,,*


You could see a worm.

Vanquished Creatures
  A bullfrog skeleton (D:3)
  2 adders (D:3)
  An ooze (D:2)
  A worm (D:2)
  2 dart slugs (D:2)
  A leopard gecko (D:2)
  4 orcs
  2 giant cockroaches (D:2)
  5 goblins
  7 hobgoblins
  A jackal (D:1)
  2 quokkas
  5 bats
  4 frilled lizards
  6 kobolds
  A rat (D:1)
45 creatures vanquished.

Notes
Turn   | Place    | Note
-------+----------+-------------------------------------------
     0 | D:1      | Faustar the Vine Stalker Archaeologist began the quest for
                  | the Orb.
     0 | D:1      | Reached XP level 1. HP: 11/11 MP: 2/2
    79 | D:1      | Reached skill level 1 in Fighting
   249 | D:1      | Reached XP level 2. HP: 15/16 MP: 3/3
   884 | D:2      | Reached XP level 3. HP: 18/21 MP: 4/4
  1554 | D:3      | Reached XP level 4. HP: 15/27 MP: 5/5
  1623 | D:3      | Found a faded altar of an unknown god.
  1736 | D:3      | HP: 1/28 [worm (7)]
  1737 | D:3      | Mangled by a worm

Skill      XL: |  1  2  3  4 |
---------------+-------------+-----
Fighting       | 1 2 3 |  3.4
Maces & Flails | |  0.8
Dodging        | |  3.9
Stealth        | |  4.4

Action                   |  1- 3 |  4- 6 || total
-------------------------+-------+-------++-------
Melee: Whip              |    42 |       ||    42
       Bite              |    14 |     3 ||    17
       Mace              |   124 |    57 ||   181
  Use: Scroll            |     6 |       ||     6
 Stab: Sleeping          |     9 |       ||     9
  Eat: Chunk             |     7 |     1 ||     8
Armor: Robe              |    53 |    19 ||    72
Dodge: Dodged            |   121 |    35 ||   156
